 Dungeon Crawl Stone Soup version 0.17-a0-1663-gb806841 (webtiles) character file.

153242 mrath the Tortoise (level 17, -6/231 HPs)
             Began as a Minotaur Fighter on Aug 15, 2015.
             Was a High Priest of Okawaru.
             Mangled by a cyan ugly thing (14 damage)
             ... on level 1 of the Abyss on Aug 16, 2015.
             The game lasted 09:26:42 (52279 turns).

mrath the Tortoise (Minotaur Fighter)              Turns: 52279, Time: 09:26:43

Health: -6/231     AC: 28    Str: 32      XL:     17   Next: 4%
Magic:  22/22      EV: 15    Int:  5 (9)  God:    Okawaru [*****.]
Gold:   1764       SH: 25    Dex: 15      Spells: 0 memorised, 16 levels left

rFire  + + .     SeeInvis +     N - +9 mace of Inconvenience {drain, rC+ rN+ MR+ Int+2}
rCold  + + +     Clarity  +     w - +4 chain mail of the Accordion {rF+ rC+}
rNeg   + . .     SustAt   .     c - +3 large shield {rC+}
rPois  .         Gourm    .     v - +0 hat of Repulsion {Dex+4}
rElec  .         Spirit   .     L - +0 cloak
rCorr  .         Warding  .     E - +2 pair of gloves
rMut   .         Stasis   .     M - +0 pair of boots
MR     +++..                    e - amulet of Baprasm {Clar rF+}
Stlth  ..........               z - ring "Amepteng" {+Fly MR+ AC+3 Int+2 Stlth+}
                                K - ring of see invisible

@: mighty, berserking, lethally poisoned (-6 -> -63), very quick, extremely
resistant to hostile enchantments, extremely unstealthy
A: retaliatory headbutt, horns 2, icy blue scales 1, blurry vision 1, spit
poison 1, subdued magic 1
a: Spit Poison, Heroism, Finesse, Renounce Religion, Evoke Flight


You were on level 1 of the Abyss.
You worshipped Okawaru.
Okawaru was extremely pleased with you.
You were not hungry.

You visited 5 branches of the dungeon, and saw 30 of its levels.
You visited the Abyss 1 time.
You also visited: Labyrinth, Ossuary and Ice Cave.

You collected 3142 gold pieces.
You spent 1378 gold pieces at shops.

Inventory:

Hand weapons
 H - the +1 greatsling of Tiohog {venom, rElec}
   (You bought it in a shop on level 4 of the Orcish Mines)

   It poisons the ammo it fires.
   It insulates you from electricity.
 N - the +9 mace of Inconvenience (weapon) {drain, rC+ rN+ MR+ Int+2}
   (You bought it in a shop on level 4 of the Orcish Mines)

   A truly terrible weapon, it drains the life of those it strikes.
   It affects your intelligence (+2).
   It protects you from cold.
   It protects you from negative energy.
   It affects your resistance to hostile enchantments.
 Q - the +5 mace of Qacepn {flame, rPois Int+4}
   (You bought it in a shop on level 4 of the Orcish Mines)

   It has been specially enchanted to burn those struck by it, causing extra
   injury to most foes and up to half again as much damage against particularly
   susceptible opponents.
   It affects your intelligence (+4).
   It protects you from poison.
 R - a +3 battleaxe of chopping
Missiles
 o - 2 tomahawks of returning (quivered)
 B - 56 tomahawks
 C - 30 sling bullets
 D - 4 throwing nets
Armour
 c - a +3 large shield of cold resistance (worn)
 h - the +1 buckler "Maugoalo" {Int+3, unknown}
   (Okawaru gifted it to you on level 2 of the Elven Halls)

   It affects your intelligence (+3).
 v - the +0 hat of Repulsion (worn) {Dex+4}
   (Okawaru gifted it to you on level 7 of the Lair of Beasts)

   It affects your dexterity (+4).
 w - the +4 chain mail of the Accordion (worn) {rF+ rC+}
   (You bought it in a shop on level 4 of the Orcish Mines)

   It protects you from fire.
   It protects you from cold.
 E - a +2 pair of gloves (worn)
 L - a +0 cloak (worn)
 M - a +0 pair of boots (worn)
Jewellery
 e - the amulet of Baprasm (around neck) {Clar rF+}
   (You found it on level 4 of the Lair of Beasts)

   [amulet of clarity]

   It provides mental clarity.
   It protects you from fire.
 f - an uncursed ring of positive energy
 p - an uncursed ring of sustain attributes
 t - the amulet of Ymicvot {Stasis rElec Str+2 Dex+3}
   (You found it on level 10 of the Dungeon)

   [amulet of stasis]

   It prevents you from being teleported, slowed, hasted or paralysed.
   It affects your strength (+2).
   It affects your dexterity (+3).
   It insulates you from electricity.
 z - the ring "Amepteng" (right hand) {+Fly MR+ AC+3 Int+2 Stlth+}
   (You found it on level 14 of the Dungeon)

   [ring of protection]

   It affects your AC (+3).
   It affects your intelligence (+2).
   It affects your resistance to hostile enchantments.
   It lets you fly.
   It makes you more stealthy.
 K - a ring of see invisible (left hand)
 S - an uncursed ring of protection from cold
Magical devices
 a - a wand of cold (5)
 b - a wand of lightning (6)
Scrolls
 g - a scroll of recharging
 i - 2 scrolls of identify
 k - 4 scrolls of fear
 q - 2 scrolls of fog
 y - a scroll of torment
 F - 13 scrolls of teleportation
 O - a scroll of silence
 P - 5 scrolls of remove curse
 T - 3 scrolls of magic mapping
 V - 2 scrolls of blinking
Potions
 d - 4 potions of might
 j - 8 potions of curing
 l - 3 potions of cancellation
 m - 2 potions of berserk rage
 r - 2 potions of magic {unknown}
 u - 3 potions of resistance
 A - 4 potions of flight
 I - 4 potions of haste
 J - 6 potions of heal wounds
Miscellaneous
 x - a lamp of fire
Comestibles
 n - 16 fruits


   Skills:
 + Level 14.7 Fighting
 - Level 14.9(15.4) Axes
 + Level 6.8(11.9) Maces & Flails
 + Level 6.3 Slings
 + Level 15.1 Armour
 + Level 13.5 Dodging
 + Level 15.1 Shields
 - Level 8.0 Invocations
 + Level 7.9 Evocations


You had 16 spell levels left.
You didn't know any spells.

Dungeon Overview and Level Annotations

Branches:
Dungeon (15/15)            Temple (1/1) D:7            Lair (8/8) D:8
  Swamp (0/4) Lair:6       Spider (0/4) Lair:6        Slime (0/6) Lair:6
    Orc (4/4) D:10            Elf (2/3) Orc:3        Vaults (0/5) D:14
 Depths (0/5) D:15

Altars:
Ashenzari
Cheibriados
Dithmenos
Elyvilon
Fedhas
Gozag
Kikubaaqudgha
Makhleb
Nemelex Xobeh
Okawaru
Qazlal
Ru
Sif Muna
Trog
Vehumet
Xom
Yredelemnul
Zin
The Shining One
Beogh
Jiyva

Shops:
D:8 *[?*   D:11 =   Orc:4 }([(   Elf:1 [

Portals:
Hell: Lair:8
Trove: D:15 (show slimy rune of Zot)

Annotations:
D:15 exclusion: orange crystal statue
Lair:4 exclusion: oklob plant


Innate Abilities, Weirdness & Mutations

You reflexively headbutt those who attack you in melee.
You have a pair of horns on your head.
You are partially covered in icy blue scales (AC +1).
Scrolls take you a little longer to read.
You can spit weak poison.
Your spells are a little easier to cast, but a little less powerful.


Message History

Okawaru accepts your kill.
The crimson imp disappears in a puff of smoke!
You block the ufetubus's attack. x3
The ufetubus barely misses you.
You block the cyan very ugly thing's attack.
The cyan ugly thing misses you.
You sock the ynoxinul!
The ynoxinul is moderately wounded.
You block the ufetubus's attack. x2
The ufetubus hits you but does no damage. x2
The neqoxec gestures.
The green very ugly thing stings you.
* * * LOW HITPOINT WARNING * * *
You are lethally poisoned!
The green very ugly thing poisons you!
You block the cyan very ugly thing's attack.
The cyan ugly thing kicks you.
* * * LOW HITPOINT WARNING * * *
The cyan ugly thing shocks you!
You die...

. ..
##.##..........
................. #
.....#...#.#..... #
................. #
#......#........#..
#........5.........
##.......5.5...#...
#.......X3@u3......
#......5u3u5......
#.....5§53.....#..
# ....#.#..........
..
#.....§#.#.........
. .
##.................
.. .
##..#.......#.....
#.5.#
.......#........#
#53 3.. ##..###...
##


You could see 2 very ugly things, a cyan ugly thing, a thrashing horror, a smoke
demon, 2 neqoxecs, a ynoxinul, a quasit, a shadow imp and 5 ufetubi.

Vanquished Creatures
  A bone dragon (Abyss:1)
  2 tentacled starspawn (Abyss:1)
  A deep elf sorcerer (Elf:2)
  Donald (Elf:2)
  An orc warlord (Orc:4)
  A very ugly thing (Abyss:1)
  Nessos (Lair:6)
  A deep elf annihilator (Elf:2)
  The ghost of karlkraus the Blocker, a powerful MiFi of Makhleb (IceCv)
  2 deep elf death magi (Elf:1)
  2 blizzard demons (IceCv)
  Snorg (Lair:6)
  Josephine (Lair:4)
  A minotaur (Lab)
  Fannar (Lair:3)
  Harold (D:12)
  Erolcha (Orc:2)
  13 hydras
  A catoblepas (D:15)
  13 dancing weapons (Elf:2)
  8 death yaks
  Urug (Lair:1)
  Nergalle (D:12)
  14 deep elf knights
  A fire crab (Lair:6)
  4 ice devils (IceCv)
  A flayed ghost (D:15)
  5 skeletal warriors
  3 unseen horrors
  The ghost of Neuromancien059 the Ruffian, an experienced TrMo of Okawaru (D:7)
  3 ice statues (IceCv)
  3 wizards
  6 hill giants
  7 deep elf summoners
  7 deep elf conjurers
  A shadow dragon zombie (D:15)
  A lindwurm (D:14)
  An orc knight (Orc:4)
  8 ugly things
  A necromancer (D:15)
  7 griffons
  3 orc sorcerers
  3 cyclopes
  3 black mambas
  A spiny frog (shapeshifter) (Elf:1)
  3 orange demons (Lair:8)
  Joseph (D:10)
  10 elephants
  A sixfirhy (Lair:8)
  A gargoyle (D:14)
  3 torpor snails
  A smoke demon (Lair:8)
  2 kobold demonologists (D:14)
  15 spiny frogs
  5 anaconda simulacra (IceCv)
  8 komodo dragons
  A fire drake (shapeshifter) (D:14)
  A red devil (Lair:8)
  A guardian mummy (D:14)
  A hellwing (Lair:8)
  4 efreet
  3 fire drakes
  A polar bear (Lair:8)
  A tengu conjurer (D:14)
  9 trolls
  A raiju (Abyss:1)
  2 freezing wraiths (D:14)
  A raiju (shapeshifter) (Elf:2)
  14 blue devils
  5 deep elf priests
  6 slime creatures (D:14)
  A deep troll zombie (D:15)
  2 two-headed ogres
  23 blink frogs
  A spriggan (D:7)
  3 small abominations (Abyss:1)
  A wyvern (Lair:7)
  55 yaks
  A dire elephant simulacrum (IceCv)
  An ettin skeleton (D:15)
  6 wraiths
  16 deep elf magi
  Grum (D:10)
  17 deep elf fighters
  3 basilisks
  A harpy simulacrum (IceCv)
  3 hungry ghosts
  2 large abominations (Abyss:1)
  3 vampire mosquitoes
  2 ynoxinuls (Abyss:1)
  17 hippogriffs
  4 mottled dragons
  An iron troll simulacrum (IceCv)
  A hell hound (Lair:8)
  18 water moccasins
  2 ice beasts
  11 wolves
  A human zombie (D:15)
  2 wargs
  A wasp (D:11)
  An eye of draining (D:12)
  2 hydra simulacra (IceCv)
  A necrophage (D:10)
  13 porcupines
  2 black bears
  30 orc warriors
  10 centaurs
  2 sky beasts
  An ogre (shapeshifter) (D:15)
  9 ogres
  19 crocodiles
  A big kobold (D:11)
  29 giant frogs
  A wyvern zombie (D:9)
  A water moccasin zombie (D:7)
  A water moccasin skeleton (D:7)
  2 scorpions
  8 wights
  12 killer bees
  10 crimson imps
  A giant frog zombie (D:7)
  A quasit (D:7)
  7 centaur skeletons
  4 hounds
  4 jellies
  2 giant frog skeletons
  29 orc priests
  2 centaur zombies
  40 orc wizards
  13 iguanas
  8 worker ants
  20 sheep
  A hound zombie (D:8)
  8 mummies (Ossuary)
  2 worker ant zombies
  3 hound skeletons (D:6)
  19 adders
  4 gnolls (D:6)
  56 river rats
  A shadow imp (D:12)
  An ufetubus (Abyss:1)
  2 adder skeletons
  5 worms
  7 giant geckos
  211 orcs
  2 ball pythons
  6 bats
  A giant cockroach (D:1)
  7 hobgoblins
  2 jackals (D:2)
  3 quokkas (D:3)
  A giant gecko skeleton (D:4)
  A giant gecko zombie (D:5)
  3 giant newts
  3 gnoll zombies (Ossuary)
  5 goblins
  2 hobgoblin zombies (Ossuary)
  17 kobolds
  3 kobold zombies (Ossuary)
  A quokka zombie (D:6)
  5 rats
  3 bushes
  15 fungi
  24 plants
1152 creatures vanquished.

Vanquished Creatures (others)
  A deep elf fighter (Elf:2)
  A big kobold (D:9)
  An orc priest (Orc:2)
  An orc wizard (D:9)
  A worker ant (D:7)
  3 gnolls (D:7)
  2 adders (D:7)
  An orc (Orc:4)
  4 kobolds (D:9)
  2 bushes (Lair:8)
  63 fungi
  30 plants
  6 starspawn tentacles (Abyss:1)
  241 starspawn tentacle segments (Abyss:1)
  10 toadstools (Lair:4)
367 creatures vanquished.

Grand Total: 1519 creatures vanquished

Notes
Turn   | Place    | Note
--------------------------------------------------------------
     0 | D:1      | mrath the Minotaur Fighter began the quest for the Orb.
     0 | D:1      | Reached XP level 1. HP: 19/19 MP: 0/0
   445 | D:1      | Reached XP level 2. HP: 26/26 MP: 1/1
  1104 | D:2      | Reached skill level 4 in Axes
  1180 | D:2      | Reached XP level 3. HP: 25/31 MP: 2/2
  1436 | D:2      | Reached skill level 5 in Axes
  1851 | D:3      | Reached XP level 4. HP: 39/39 MP: 3/3
  2024 | D:3      | Found a shimmering altar of Xom.
  2332 | D:3      | Reached skill level 6 in Axes
  2418 | D:3      | Found a burning altar of Makhleb.
  2418 | D:3      | Found a radiant altar of Vehumet.
  2423 | D:3      | Reached XP level 5. HP: 45/45 MP: 4/4
  2481 | D:3      | Found a bloodstained altar of Trog.
  2501 | D:3      | Found a glowing golden altar of the Shining One.
  2502 | D:3      | Found a sacrificial altar of Ru.
  3216 | D:4      | Reached skill level 7 in Axes
  3251 | D:4      | Reached XP level 6. HP: 49/52 MP: 5/5
  3359 | D:4      | Reached skill level 1 in Dodging
  3828 | D:5      | Entered Level 5 of the Dungeon
  3888 | D:5      | Found a deep blue altar of Sif Muna.
  4483 | D:5      | Noticed a water moccasin
  4488 | D:5      | Reached XP level 7. HP: 38/60 MP: 6/6
  4496 | D:4      | Killed a water moccasin
  4674 | D:5      | Found a white marble altar of Elyvilon.
  4706 | D:5      | Reached skill level 5 in Fighting
  4706 | D:5      | Reached skill level 5 in Armour
  4812 | D:5      | Reached skill level 5 in Shields
  5287 | D:6      | Reached skill level 8 in Axes
  5287 | D:6      | Reached XP level 8. HP: 64/69 MP: 7/7
  5755 | D:6      | Found a basalt altar of Yredelemnul.
  6428 | D:6      | Gained mutation: You are partially covered in icy blue scales (AC +1). [potion of beneficial mutation]
  6724 | D:7      | Found a staircase to the Ecumenical Temple.
  6733 | Temple   | Entered the Ecumenical Temple
  6763 | Temple   | Became a worshipper of Warmaster Okawaru
  6930 | D:7      | Noticed Neuromancien059's ghost (experienced TrMo)
  7013 | D:6      | Reached skill level 9 in Axes
  7017 | D:6      | Reached XP level 9. HP: 69/78 MP: 8/8
  7271 | D:7      | Killed Neuromancien059's ghost
  7271 | D:7      | Reached skill level 5 in Dodging
  7849 | D:8      | Found Acumec's Antique Armour Shop.
  7857 | D:8      | Found Rybab's Magic Scroll Shop.
  7923 | D:8      | Found a sand-covered staircase.
  7931 | Ossuary  | Entered an ossuary
  8053 | Ossuary  | Acquired Okawaru's first power
  8316 | D:8      | Gained mutation: You can spit weak poison. [potion of beneficial mutation]
  8401 | D:8      | Found Xotza's Assorted Antiques.
  8558 | D:8      | Found a staircase to the Lair.
  8558 | D:8      | Noticed an elephant
  8595 | D:8      | Killed an elephant
  8595 | D:8      | Reached skill level 1 in Invocations
  8872 | D:8      | Found Ychy's General Store.
  9852 | Temple   | Identified a scroll of acquirement
  9853 | Temple   | Got an encrusted plate armour
  9864 | Temple   | Identified the +1 plate armour of Liberty {+Blink Dex+3} (You acquired it in the Ecumenical Temple)
 10033 | D:9      | Reached XP level 10. HP: 83/88 MP: 10/10
 10431 | D:9      | Reached skill level 10 in Axes
 10825 | D:9      | Got a pitted lapis lazuli ring
 10919 | D:9      | Got a pitted long sword
 11179 | D:9      | Identified the ring "Ofoatz" {Fire Dex+4} (You found it on level 9 of the Dungeon)
 11238 | Lair:1   | Entered Level 1 of the Lair of Beasts
 11941 | Lair:1   | Noticed Urug
 12707 | Lair:2   | Noticed a black mamba
 12718 | Lair:2   | Killed a black mamba
 12889 | Lair:2   | Found a labyrinth entrance.
 12918 | Lair:1   | Killed Urug
 12918 | Lair:1   | Reached XP level 11. HP: 54/97 MP: 13/13
 13115 | Lab      | Entered a labyrinth
 14078 | Lab      | Noticed a minotaur
 14092 | Lab      | Killed a minotaur
 14092 | Lab      | Acquired Okawaru's second power
 14098 | Lab      | Identified Toerghas's Collected Works on the Glacier and Confrontation
 14546 | Lair:2   | Noticed an elephant
 14547 | Lair:2   | Noticed an elephant
 14548 | Lair:2   | Noticed an elephant
 14562 | Lair:2   | Noticed an elephant
 14583 | Lair:2   | Killed an elephant
 14604 | Lair:2   | Killed an elephant
 14615 | Lair:2   | Killed an elephant
 14615 | Lair:2   | Reached skill level 11 in Axes
 14622 | Lair:2   | Killed an elephant
 14622 | Lair:2   | Reached skill level 10 in Armour
 14729 | Lair:2   | Received a gift from Okawaru
 15007 | Lair:2   | Noticed an elephant
 15020 | Lair:2   | Killed an elephant
 15020 | Lair:2   | Reached skill level 5 in Invocations
 15110 | Lair:2   | Noticed a seven-headed hydra
 15161 | Lair:1   | Killed a seven-headed hydra
 16307 | Lair:2   | Reached skill level 10 in Fighting
 16313 | Lair:2   | Reached skill level 10 in Shields
 16383 | Lair:3   | Noticed a seven-headed hydra
 16402 | Lair:3   | Killed a seven-headed hydra
 16629 | Lair:2   | Reached XP level 12. HP: 77/106 MP: 15/15
 17171 | Lair:3   | Noticed Fannar
 17199 | Lair:3   | Killed Fannar
 18075 | Lair:4   | Got a scorched emerald amulet
 18090 | Lair:4   | Identified the amulet of Baprasm {Clar rF+} (You found it on level 4 of the Lair of Beasts)
 18246 | Lair:3   | Reached skill level 12 in Axes
 18266 | Lair:3   | Noticed a five-headed hydra
 18528 | Lair:3   | Killed a five-headed hydra
 18720 | Lair:4   | Noticed Josephine
 18734 | Lair:4   | Killed Josephine
 19563 | Lair:4   | Found a blossoming altar of Fedhas.
 20778 | Lair:4   | Reached XP level 13. HP: 93/116 MP: 14/17
 20967 | Lair:5   | Received a gift from Okawaru
 22069 | Lair:6   | Found a hole to the Spider Nest.
 22110 | Lair:6   | Found a viscous altar of Jiyva.
 22111 | Lair:6   | Found a staircase to the Slime Pits.
 22122 | Lair:6   | Noticed Snorg
 22133 | Lair:6   | Killed Snorg
 22374 | Lair:6   | Noticed Nessos
 22732 | Lair:6   | Killed Nessos
 22743 | Lair:6   | Reached skill level 10 in Dodging
 22880 | Lair:6   | Found a staircase to the Swamp.
 23118 | Lair:6   | Received a gift from Okawaru
 23118 | Lair:6   | Reached skill level 13 in Axes
 23443 | D:8      | Bought a scroll of identify for 32 gold pieces
 23443 | D:8      | Bought a scroll of identify for 32 gold pieces
 23914 | Lair:2   | Noticed a four-headed hydra
 23925 | Lair:2   | Killed a four-headed hydra
 24334 | Lair:7   | Got a steaming battleaxe
 24420 | Lair:7   | Reached skill level 1 in Evocations
 24868 | Lair:7   | Got an encrusted dagger
 25537 | Lair:7   | Received a gift from Okawaru
 25538 | Lair:7   | Got a dazzling hat {god gift}
 25544 | Lair:7   | Identified the +0 hat of Repulsion {Dex+4} (Okawaru gifted it to you on level 7 of the Lair of Beasts)
 26463 | Lair:8   | Entered Level 8 of the Lair of Beasts
 27070 | Lair:8   | Reached XP level 14. HP: 99/127 MP: 11/19
 29395 | Lair:2   | Identified the +7 battleaxe "Newtslayer" {chop, rElec rC- rN+} (You found it on level 7 of the Lair of Beasts)
 29549 | D:10     | Entered Level 10 of the Dungeon
 29611 | D:10     | Found a staircase to the Orcish Mines.
 30227 | D:10     | Noticed Joseph
 30239 | D:10     | Killed Joseph
 30267 | D:10     | Got a fine crystal amulet
 30323 | D:10     | Noticed Grum
 30347 | D:10     | Killed Grum
 30539 | Orc:1    | Entered Level 1 of the Orcish Mines
 30891 | Orc:1    | Identified the amulet of Ymicvot {Stasis rElec Str+2 Dex+3} (You found it on level 10 of the Dungeon)
 31237 | Orc:2    | Noticed Erolcha
 31292 | Orc:2    | Found a radiant altar of Vehumet.
 31955 | Orc:3    | Found a staircase to the Elven Halls.
 33850 | D:11     | Reached skill level 14 in Axes
 34234 | D:11     | Found Jefiqecw's Jewellery Shop.
 34834 | D:12     | Noticed Nergalle
 34851 | D:12     | Killed Nergalle
 35345 | D:11     | Received a gift from Okawaru
 35608 | D:12     | Noticed Harold
 35623 | D:12     | Killed Harold
 35623 | D:12     | Reached skill level 5 in Evocations
 36807 | Lair:8   | Reached XP level 15. HP: 136/136 MP: 20/20
 37065 | Lair:8   | Found a burning altar of Makhleb.
 37378 | Lair:8   | Found a gateway to Hell.
 37884 | Orc:4    | Entered Level 4 of the Orcish Mines
 37909 | Orc:4    | Found Lali Syl's Quality Used Wands.
 38230 | Orc:4    | Found a roughly hewn altar of Beogh.
 38276 | Orc:4    | Found a roughly hewn altar of Beogh.
 38291 | Orc:4    | Found Zuesieth's Magic Scroll Shoppe.
 38425 | Orc:4    | Found a roughly hewn altar of Beogh.
 38447 | Orc:4    | Found Zas Gewy's Antique Weapon Boutique.
 39025 | Orc:4    | Found a roughly hewn altar of Beogh.
 39771 | Orc:4    | Found Penov's Antique Weapon Emporium.
 39774 | Orc:4    | Found Miaz's Antique Armour Shoppe.
 39782 | Orc:4    | Found a roughly hewn altar of Beogh.
 39822 | Orc:4    | Bought a dazzling chain mail for 171 gold pieces
 39832 | Orc:4    | Identified the +4 chain mail of the Accordion {rF+ rC+} (You bought it in a shop on level 4 of the Orcish Mines)
 39848 | Orc:4    | Bought a faintly glowing greatsling for 440 gold pieces
 39848 | Orc:4    | Bought an ichor-stained mace for 176 gold pieces
 39848 | Orc:4    | Bought a slimy mace for 176 gold pieces
 39995 | D:8      | Bought a scroll of identify for 52 gold pieces
 39995 | D:8      | Bought a potion of might for 104 gold pieces
 39995 | D:8      | Bought a scroll of enchant armour for 195 gold pieces
 39995 | D:8      | Identified the cursed +1 greatsling of Tiohog {venom, rElec} (You bought it in a shop on level 4 of the Orcish Mines)
 39996 | D:8      | Identified the +9 mace of Inconvenience {drain, rC+ rN+ MR+ Int+2} (You bought it in a shop on level 4 of the Orcish Mines)
 39997 | D:8      | Identified the +5 mace of Qacepn {flame, rPois Int+4} (You bought it in a shop on level 4 of the Orcish Mines)
 40429 | Orc:2    | Killed Erolcha
 41033 | D:11     | Reached skill level 1 in Maces & Flails
 42000 | D:14     | Reached skill level 1 in Slings
 42009 | D:14     | Found a snail-covered altar of Cheibriados.
 42320 | D:14     | Received a gift from Okawaru
 42458 | D:14     | Found an iron altar of Okawaru.
 42862 | D:14     | Got a shimmering amber ring
 42863 | D:14     | Identified the ring "Amepteng" {+Fly MR+ AC+3 Int+2 Stlth+} (You found it on level 14 of the Dungeon)
 43003 | D:14     | Found a gate to the Vaults.
 43300 | D:15     | Entered Level 15 of the Dungeon
 43582 | D:15     | Found an opulent altar of Gozag.
 44721 | D:14     | Received a gift from Okawaru
 44723 | D:14     | Gained mutation: Your spells are a little easier to cast, but a little less powerful. [a neqoxec]
 44906 | D:15     | Found a staircase to the Depths.
 45131 | D:15     | Found a portal to a secret trove of treasure.
 46472 | Elf:1    | Entered Level 1 of the Elven Halls
 46690 | Elf:1    | Found Acatidgh's Antique Armour Shop.
 46837 | Elf:1    | Found a frozen archway.
 46846 | IceCv    | Entered an ice cave
 46872 | IceCv    | Reached XP level 16. HP: 146/146 MP: 21/21
 47425 | IceCv    | Received a gift from Okawaru
 47708 | IceCv    | Noticed karlkraus's ghost (powerful MiFi)
 47746 | IceCv    | Killed karlkraus's ghost
 47746 | IceCv    | Received a gift from Okawaru
 48500 | Elf:1    | Reached skill level 5 in Maces & Flails
 49234 | Elf:1    | Reached skill level 5 in Slings
 49288 | Elf:1    | Received a gift from Okawaru
 50511 | Elf:2    | Noticed Donald
 50545 | Elf:2    | Killed Donald
 50803 | Elf:2    | Found a runed door.
 50934 | Elf:2    | Found a runed door.
 51134 | Elf:2    | Upgraded the game from 0.17-a0-1655-g88a8506 to 0.17-a0-1663-gb806841
 51345 | Elf:2    | Received a gift from Okawaru
 51349 | Elf:2    | Reached skill level 15 in Armour
 51350 | Elf:2    | Got a translucent buckler {god gift}
 51770 | Elf:2    | Cast into the Abyss (quick blade of distortion)
 51799 | Abyss:1  | Noticed a tentacled starspawn
 51848 | Abyss:1  | Killed a tentacled starspawn
 51873 | Abyss:1  | Reached skill level 15 in Shields
 51974 | Abyss:1  | Noticed a tentacled starspawn
 51991 | Abyss:1  | Killed a tentacled starspawn
 52132 | Abyss:1  | Noticed a bone dragon
 52161 | Abyss:1  | Killed a bone dragon
 52161 | Abyss:1  | Reached XP level 17. HP: 81/154 MP: 22/22
 52273 | Abyss:1  | Gained mutation: Scrolls take you a little longer to read. [a neqoxec]
 52279 | Abyss:1  | HP: 10/231 [green very ugly thing (4)]
 52279 | Abyss:1  | Mangled by a cyan ugly thing

Vault maps used:
D:1:      dpeg_arrival_castle, serial_park_tiny_pond, kennysheep_minor_cross,
          minmay_tree_intersection
D:2:      first_bread
D:3:      kennysheep_big_flooded_room,
          grunt_temple_overflow_lords_of_destruction, old_standard_altar,
          minitemple
D:5:      overflow_temple_1_default, basic_altar
D:6:      basic_altar
D:7:      lemuel_temple_firewalk_marked, the_bakery
D:8:      david_lair_generic, serial_shops, shop, shop_scrolls, shop,
          nicolae_shop_overgrown_old_shop, nicolae_ossuary_entry_false_entrances
D:9:      lemuel_flamethrower_2
D:10:     orc_0_dummy, minmay_misc_feat_x, uniq_grum, uniq_joseph
D:11:     serial_shops, kennysheep_mini
D:12:     minmay_statues_item, uniq_harold, uniq_nergalle
D:14:     david_vaults_4, lemuel_tele_altar, basic_altar
D:15:     gammafunk_depths_entry_grave,
          nicolae_gozag_cash_rules_everything_around_me, enter_trove_2,
          nicolae_wwwww, minivault_16
Temple:   temple_eino_lava_12
Lair:1:   lemuel_fruit_fields, grunt_megastairs_3, serial_bayou_shore_b,
          infiniplex_staircase_pool, lemuel_fruit_fields, uniq_urug
Lair:2:   lab_entry_generic, serial_bayou_pond_b
Lair:3:   grunt_forest_large_clearing_hut, uniq_fannar
Lair:4:   tgw_fedhas, serial_bayou_shore_a, infiniplex_staircase_pool_2,
          lemuel_fruit_fields, lemuel_fruit_tree, uniq_josephine
Lair:6:   minmay_swamp_entry_swarm, spider_nest_entry_web_field, slime_altar_1,
          uniq_snorg, uniq_nessos
Lair:7:   lemuel_fruit_fields
Lair:8:   evil_forest
Orc:2:    basic_altar, uniq_erolcha
Orc:3:    nicolae_orc_pool_cavern, nicolae_orc_lava_room
Orc:4:    grunt_orc_community_town_hall, grunt_orc_community_big_house_2,
          grunt_orc_community_big_house_2, grunt_orc_community_house_1,
          grunt_orc_community_house_1, grunt_orc_community_house_2,
          grunt_orc_community_house_1, grunt_orc_community_house_3,
          special_room, nicolae_for_you_no_charge
Elf:1:    portal_ice_cave_entry_pillars_01, serial_shops,
          nicolae_shop_behind_doors, minivault_28
Elf:2:    uniq_saint_roka, uniq_donald
Lab:      labyrinth_hidden_loot, nicolae_lab_hexagon, lab_block,
          nicolae_lab_diamond, labyrinth_skeletal_remains
Ossuary:  ossuary_tomb_3
IceCv:    ice_cave_tombish

Action                   |  1- 3 |  4- 6 |  7- 9 | 10-12 | 13-15 | 16-18 || total
-------------------------+-------+-------+-------+-------+-------+-------++-------
Melee: War axe           |    81 |   195 |   339 |   773 |  1426 |       ||  2814
       Whip              |       |       |       |    14 |       |       ||    14
       Flail             |       |       |       |       |    58 |       ||    58
       Mace              |       |       |       |       |   475 |   612 ||  1087
 Fire: Hunting sling     |       |       |       |    53 |   300 |       ||   353
       Greatsling        |       |       |       |       |   107 |    31 ||   138
Throw: Stone             |    10 |       |    39 |       |       |       ||    49
       Tomahawk          |       |       |     3 |    73 |   188 |    55 ||   319
Invok: Heroism           |       |       |       |     8 |    19 |     4 ||    31
       Finesse           |       |       |       |     5 |    16 |     5 ||    26
 Abil: Evoke Invisibilit |       |       |       |       |     1 |       ||     1
Evoke: Wand              |       |       |       |       |       |     7 ||     7
  Use: Scroll            |       |    10 |    10 |    10 |    25 |     7 ||    62
       Potion            |       |       |     4 |       |     5 |    11 ||    20
  Eat: Chunk             |     3 |     3 |     7 |    17 |    52 |     6 ||    88
       Bread ration      |       |     1 |     1 |     1 |     1 |     2 ||     6
       Pizza             |       |     1 |     1 |       |     2 |       ||     4
       Fruit             |       |       |     4 |    14 |    29 |     3 ||    50
       Beef jerky        |       |       |     1 |       |     1 |       ||     2
       Royal jelly       |       |       |       |     1 |       |       ||     1
       Meat ration       |       |       |       |       |     1 |       ||     1
